 Dungeon Crawl Stone Soup version 0.29-a0-234-g0dae59b3db (webtiles) character file.

Game seed: 16099581991433587337

9216 sammy202020 the Blocker (level 11, -2/100 HPs)
             Began as a Minotaur Berserker on Mar 2, 2022.
             Was an Elder of Trog.
             Killed by divine providence
             ... invoked by an orc priest
             ... summoned by an orange crystal statue
              (7 damage)
             ... on level 9 of the Dungeon.
             The game lasted 00:23:51 (6973 turns).

sammy202020 the Blocker (Minotaur Berserker)        Turns: 6973, Time: 00:23:52

Health: -2/100     AC: 18    Str: 26    XL:     11   Next: 20%
Magic:  4/10       EV: 17    Int: -6 (4) God:    Trog [****..]
Gold:   909        SH:  7    Dex: 17    Spells: 10/10 levels left

rFire   + . .      SeeInvis .   H - +6 flail
rCold   + . .      Faith    .   d - +0 buckler
rNeg    . . .      Spirit   .   n - +4 chain mail {rC+}
rPois   .          Reflect  .   (helmet restricted)
rElec   +          Harm     .   l - +0 cloak
rCorr   .          Rampage  .   (no gloves)
Will    +....                   A - +0 pair of boots
Stlth   ..........              x - amulet of regeneration
HPRegen 1.06/turn               y - ring "Vumeosenye" {Will+ EV+4 Dex+2}
MPRegen 0.12/turn               c - ring of the Wild Haggis {rElec rF+ Dex+5}

@: on berserk cooldown, slowed, lost intelligence, studying Shields, unable to
read, very slow
A: horns 2, retaliatory headbutt
a: Renounce Religion, Berserk, Trog's Hand, Brothers in Arms


You were on level 9 of the Dungeon.
You worshipped Trog.
Trog was greatly pleased with you.
You visited 1 branch of the dungeon, and saw 9 of its levels.

You collected 909 gold pieces.

Inventory:

Hand Weapons
 a - a +0 mace
 C - a +2 flail of flaming
 H - a +6 flail (weapon)
 K - a +2 morningstar
Missiles
 e - 4 javelins (quivered)
 s - a throwing net
 u - 3 curare-tipped darts
 v - 4 silver boomerangs
 G - 8 poisoned darts
 L - 8 boomerangs
Armour
 d - a +0 buckler (worn)
 l - a +0 cloak (worn)
 n - a +4 chain mail of cold resistance (worn)
 A - a +0 pair of boots (worn)
 D - +0 steam dragon scales
 I - a +0 plate armour
Jewellery
 c - the ring of the Wild Haggis (right hand) {rElec rF+ Dex+5}
   (You acquired it on level 8 of the Dungeon)

   [ring of protection from fire]

   Dex:       It affects your dexterity (+5).
   rF:        It protects you from fire.
   rElec:     It insulates you from electricity.
 r - an amulet of the acrobat
 x - an amulet of regeneration (around neck)
 y - the ring "Vumeosenye" (left hand) {Will+ EV+4 Dex+2}
   (You found it on level 5 of the Dungeon)

   [ring of evasion]

   EV:        It affects your evasion (+4).
   Dex:       It affects your dexterity (+2).
   Will:      It increases your willpower.
 F - a +6 ring of strength
Wands
 m - a wand of iceblast (30)
 q - a wand of mindburst (6)
 t - a wand of digging (4)
Scrolls
 h - a scroll of holy word
 j - 7 scrolls of teleportation
 o - 2 scrolls of blinking
 B - a scroll of vulnerability
Potions
 b - a potion of ambrosia {unknown}
 f - 4 potions of curing
 i - 3 potions of mutation {unknown}
 k - 2 potions of heal wounds {unknown}
 p - 2 potions of cancellation {unknown}
 w - 3 potions of brilliance {unknown}
 z - a potion of attraction {unknown}
 E - a potion of resistance {unknown}
 J - a potion of might {unknown}


   Skills:
 * Level 10.3 Fighting
 * Level 10.2 Maces & Flails
 * Level 9.9 Armour
 * Level 9.0 Dodging
 + Level 11.2 Shields


You had 10 spell levels left.
You didn't know any spells.
Your spell library was empty.

Dungeon Overview and Level Annotations

Branches:
Dungeon (9/15)             Temple (0/1) D:5            Lair (0/6) D:9
    Orc: D:9-12

Altars:
Dithmenos
Elyvilon
Gozag
Okawaru
Ru
Sif Muna
Wu Jian
Xom
Yredelemnul

Shops:
D:5 !   D:6 [[=(   D:7 [

Portals:
Bailey: D:9

Annotations:
D:9 1 runed translucent door, exclusion: 4 orange crystal statues


Innate Abilities, Weirdness & Mutations

You have a pair of horns on your head.
You reflexively headbutt those who attack you in melee.


Message History

You bludgeon the orc wizard!!
You kill the orc wizard!
The orc wizard's corpse dissolves into shadows!
Your skin stops crawling.
You feel less strong-willed.
The gnoll sergeant hits you from afar with a +3 spear of pain.
You writhe in agony.
You block the orc warrior's attack. You block the gnoll sergeant's attack.
You barely miss the wight. The wight closely misses you.
The orc warrior misses you. The gnoll sergeant closely misses you.
The wight hits you but does no damage.
You closely miss the wight. Your headbutt misses the wight.
The orc warrior misses you.
The gnoll sergeant hits you but does no damage.
The wight hits you with a +4 war axe.
* * * LOW HITPOINT WARNING * * *
The orc warrior closely misses you.
Unknown command.
You sock the wight! Your headbutt misses the wight.
The wight is almost destroyed.
You block the gnoll sergeant's attack. The wight misses you.
The orc warrior closely misses you. You block the gnoll sergeant's attack.
You hit the wight.
You destroy the wight!
The wight dissolves into shadows!
You block the orc warrior's attack.
The gnoll sergeant hits you but does no damage.
You writhe in agony.
The orc priest mumbles some strange prayers to Beogh against you.
Beogh smites you!
* * * LOW HITPOINT WARNING * * *
The orc warrior barely misses you. The gnoll sergeant closely misses you.
The orc priest mumbles some strange prayers to Beogh against you.
Beogh smites you!
* * * LOW HITPOINT WARNING * * *
The orc warrior closely misses you.
The gnoll sergeant hits you but does no damage.
You writhe in agony.
* * * LOW HITPOINT WARNING * * *
The orc priest invokes the aid of Beogh against you.
Beogh smites you!
You die...

#..#ggoooo.#.#
#o..oo..#..# #
#g#o{Y#.#..# ##.
#8ooozo8#..###
....####o####....#
.......oYog......#
<..+..o..#go.....#
####g##.......+
#Yo'.@†.^..#
####.††....#
#.....†.#
######'## .... #.#
..). #.# ..#
####+#### #####.#
###.## #.......#
#.....# #.....
#.......#
##.###### #.....


You could see an orange crystal statue, a yak (summoned), an orc warrior
(summoned), a gnoll sergeant (summoned), an orc priest (summoned), 2 gnolls and
6 orcs.

Vanquished Creatures
  Erolcha (D:9)
  A centaur warrior (D:8)
  A two-headed ogre (D:8)
  The ghost of dolemite99 the Digger, a novice GnEE (D:5)
  A cyclops (D:8)
  Maggie (D:6)
  2 hornets
  A vampire (D:9)
  A wyvern (D:8)
  Sigmund (D:6)
  A basilisk (D:8)
  4 yaks (D:9)
  2 steam dragons (D:8)
  A water moccasin (D:6)
  A floating eye (shapeshifter) (D:8)
  3 orc warriors (D:8)
  Duvessa (D:6)
  2 ice beasts
  A sky beast (D:7)
  A black bear (D:5)
  2 wolves (D:9)
  4 ogres
  6 centaurs
  3 phantoms
  4 kobold brigands
  3 bullfrogs
  A scorpion (D:7)
  8 wights
  Dowan (D:6)
  9 killer bees (D:9)
  2 howler monkeys (D:8)
  2 electric eels (D:9)
  6 hounds
  3 jellies
  Crazy Yiuf (D:2)
  A gnoll shaman (D:8)
  2 orc priests
  Jessica (D:3)
  Natasha (thrice) (D:2)
  3 iguanas
  4 orc wizards
  5 adders
  6 gnolls
  A shadow imp (D:5)
  2 white imps (D:8)
  An ufetubus (D:5)
  4 worms
  A dart slug (D:1)
  19 orcs
  11 ball pythons
  3 endoplasms
  A giant cockroach (D:2)
  6 goblins
  3 hobgoblins
  6 bats (D:2)
  4 frilled lizards
  10 kobolds
  5 rats
185 creatures vanquished.

Vanquished Creatures (others)
  A white imp (D:8)
  4 plants
5 creatures vanquished.

Grand Total: 190 creatures vanquished

Notes
Turn   | Place    | Note
-------+----------+-------------------------------------------
     0 | D:1      | sammy202020 the Minotaur Berserker began the quest for the
                  | Orb.
     0 | D:1      | Reached XP level 1. HP: 19/19 MP: 0/0
    78 | D:1      | Found a faded altar of an unknown god.
   430 | D:1      | Reached XP level 2. HP: 27/27 MP: 1/1
   869 | D:2      | Noticed Natasha
   884 | D:2      | Noticed a crimson imp
   887 | D:2      | Killed Natasha
   888 | D:2      | Reached skill level 1 in Shields
   888 | D:2      | Reached XP level 3. HP: 5/33 MP: 2/2
  1431 | D:2      | Noticed Natasha
  1439 | D:2      | Killed Natasha
  1440 | D:2      | Reached XP level 4. HP: 34/40 MP: 3/3
  1476 | D:2      | Found a runed translucent door.
  1477 | D:2      | Noticed Crazy Yiuf
  1573 | D:2      | Noticed Natasha
  1583 | D:2      | Killed Natasha
  1584 | D:2      | Reached skill level 2 in Shields
  1769 | D:2      | Killed Crazy Yiuf
  1770 | D:2      | Reached XP level 5. HP: 47/47 MP: 4/4
  2388 | D:3      | Noticed Jessica
  2394 | D:3      | Killed Jessica
  2834 | D:4      | Reached ** piety under Trog
  2927 | D:4      | Noticed an ogre
  2934 | D:4      | Killed an ogre
  2935 | D:4      | Reached XP level 6. HP: 48/55 MP: 5/5
  3000 | D:4      | Reached skill level 5 in Fighting
  3000 | D:4      | Reached skill level 5 in Maces & Flails
  3000 | D:4      | Reached skill level 3 in Shields
  3154 | D:4      | Found an opulent altar of Gozag.
  3160 | D:4      | Found a shimmering blue altar of Sif Muna.
  3165 | D:4      | Found a basalt altar of Yredelemnul.
  3230 | D:4      | Found an ornate altar of the Wu Jian Council.
  3690 | D:5      | Entered Level 5 of the Dungeon
  3690 | D:5      | Found a runed translucent door.
  3699 | D:5      | Reached XP level 7. HP: 58/61 MP: 6/6
  3767 | D:5      | Found a staircase to the Ecumenical Temple.
  3912 | D:5      | Identified the ring "Vumeosenye" {Will+ EV+4 Dex+2}
  3933 | D:5      | Found Feud's Distillery.
  3969 | D:5      | Noticed dolemite99's ghost (novice GnEE)
  3993 | D:5      | Reached skill level 5 in Armour
  3993 | D:5      | Reached skill level 4 in Shields
  4269 | D:5      | Reached skill level 5 in Dodging
  4356 | D:5      | Reached XP level 8. HP: 70/70 MP: 7/7
  4386 | D:5      | Killed dolemite99's ghost
  4387 | D:5      | Reached skill level 5 in Shields
  4401 | D:5      | Identified a scroll of acquirement
  4401 | D:5      | Acquired a manual of Shields
  4556 | D:6      | Noticed Duvessa
  4556 | D:6      | Noticed Dowan
  4581 | D:6      | Killed Duvessa
  4587 | D:6      | Reached skill level 6 in Shields
  4597 | D:6      | Killed Dowan
  4637 | D:6      | Found Fimome Xoiz's Weapon Emporium.
  4669 | D:6      | Found a shadowy altar of Dithmenos.
  4709 | D:6      | Found Mogeg's Jewellery Shoppe.
  4722 | D:6      | Found Ydyuqismuff's Antique Armour Shop.
  4726 | D:6      | Noticed Maggie
  4744 | D:6      | Killed Maggie
  4744 | D:6      | Reached *** piety under Trog
  4745 | D:6      | Reached XP level 9. HP: 34/79 MP: 8/8
  4981 | D:6      | Found an iron altar of Okawaru.
  4982 | D:6      | Found a sacrificial altar of Ru.
  4982 | D:6      | Found a shimmering altar of Xom.
  4983 | D:6      | Found a white marble altar of Elyvilon.
  4989 | D:6      | Noticed Sigmund
  5022 | D:6      | Killed Sigmund
  5023 | D:6      | Reached skill level 7 in Shields
  5095 | D:6      | Found Ejivvem's Antique Armour Shoppe.
  5305 | D:7      | Reached skill level 8 in Shields
  5351 | D:7      | Found Ijeef's Antique Armour Emporium.
  5621 | D:8      | Acquired the ring of the Wild Haggis {rElec rF+ Dex+5}
  5712 | D:8      | Reached skill level 9 in Shields
  5770 | D:8      | Reached XP level 10. HP: 90/90 MP: 9/9
  5823 | D:8      | Reached **** piety under Trog
  6178 | D:8      | Noticed a two-headed ogre
  6182 | D:8      | Killed a two-headed ogre
  6183 | D:8      | Reached skill level 10 in Shields
  6311 | D:8      | Noticed a guardian serpent
  6316 | D:8      | a guardian serpent changed into a floating eye
  6351 | D:8      | Noticed a centaur warrior
  6356 | D:8      | Noticed a cyclops
  6358 | D:8      | Killed a centaur warrior
  6363 | D:8      | Killed a cyclops
  6623 | D:9      | Found a flagged portal.
  6785 | D:9      | Reached XP level 11. HP: 96/99 MP: 10/10
  6787 | D:9      | Reached skill level 10 in Fighting
  6798 | D:9      | Found a staircase to the Lair.
  6802 | D:9      | Reached skill level 10 in Maces & Flails
  6802 | D:9      | Reached skill level 11 in Shields
  6811 | D:9      | Noticed Erolcha
  6830 | D:9      | Killed Erolcha
  6889 | D:9      | Found a runed translucent door.
  6889 | D:9      | Noticed an orange crystal statue
  6918 | D:9      | Found the +10 tower shield of Ignorance {rN+ Int-4}
  6925 | D:9      | Noticed an orange crystal statue
  6925 | D:9      | Noticed an orange crystal statue
  6925 | D:9      | Noticed an orange crystal statue
  6930 | D:9      | Found a runed translucent door.
  6932 | D:9      | Lost intelligence.
  6972 | D:9      | HP: 4/100 [gnoll sergeant/+3 spear of pain[an orange
                  | crystal statue] (2)]
  6973 | D:9      | Killed from afar by an orc priest

Illustrated notes

Levels and vault maps discovered:
D:1:      moated_graveyard_arrival, layout_basic,
          ebering_ecumenical_altar_sacrificial
D:2:      layout_rooms, uniq_crazy_yiuf_cottage, uniq_natasha
D:3:      layout_loops_corners, uniq_jessica
D:4:      layout_cave_pools, minitemple, nzn_wu_jian_council_hall, st_stairs_10,
          nicolae_concentric_dashed_squares_wild
D:5:      layout_rooms, minmay_temple_entry_gardened_gates,
          hellmonk_ghost_happy_afterlife, serial_shops,
          nicolae_shop_temple_entry_statues_fountains
D:6:      layout_rooms, lemuel_doored_altar,
          chequers_temple_overflow_statue_of_worship, serial_shops,
          nicolae_shop_bloodbath_and_beyond, nicolae_shop_overgrown_old_shop,
          nicolae_shop_trees, shop, uniq_maggie, uniq_sigmund, uniq_duvessa
D:7:      layout_rooms, serial_shops, shop_statue
D:8:      minmay_polygon_palace, layout_loops_ring, minmay_diamond_spiral
D:9:      layout_roguey, erik_lair_island, enter_bailey_5,
          chequers_guarded_unrand_ignorance, uniq_erolcha

Skill      XL: |  1  2  3  4  5  6  7  8  9 10 11 |
---------------+----------------------------------+-----
Fighting       | 4 5 6 7 8 9 10 | 10.3
Maces & Flails | 4 5 6 7 8 9 10 | 10.2
Armour         | 3 4 5 6 8 9 |  9.9
Shields        | 1 2 3 4 6 9 10 11 | 11.2
Dodging        | 3 4 5 6 7 8 9 |  9.0

Action                   |  1- 3 |  4- 6 |  7- 9 | 10-12 || total
-------------------------+-------+-------+-------+-------++-------
Melee: Mace              |    66 |    85 |    64 |       ||   215
       Headbutt          |     8 |    13 |    45 |    32 ||    98
       Flail             |       |       |   193 |   187 ||   380
Throw: Javelin           |       |       |     3 |       ||     3
Invok: Berserk           |     1 |     1 |     1 |     2 ||     5
       Trog's Hand       |       |       |     1 |     2 ||     3
       Brothers in Arms  |       |       |       |     1 ||     1
  Use: Scroll            |       |     6 |    10 |     1 ||    17
       Potion            |       |       |       |     1 ||     1
Armor: Scale mail        |    25 |    16 |       |       ||    41
       Animal skin       |     1 |       |       |       ||     1
       Chain mail        |       |    14 |   116 |    71 ||   201
       Plate armour      |       |       |       |     3 ||     3
Dodge: Dodged            |    43 |    54 |   167 |   225 ||   489
Block: Buckler           |    11 |    16 |    75 |    89 ||   191

Table legend: (Time is in decaauts)
 A = Elapsed time spent in this place.
 B = Non-inter-level travel time spent in this place.
 C = Inter-level travel time spent in this place.
 D = Time resting spent in this place.
 E = Time spent auto-exploring this place.
 F = Levels seen in this place.
 G = Mean time per level.
                   A        B        C        D        E       F      G
               +--------+--------+--------+--------+--------+-----+--------+
         Total |   7107 |   6848 |    259 |    382 |   4675 |   9 |  789.7 |
       Dungeon |   7107 |   6848 |    259 |    382 |   4675 |   9 |  789.7 |
               +--------+--------+--------+--------+--------+-----+--------+

Top non-repeatable levels by time:
     D:8: 1069 daAuts
     D:2: 1047 daAuts
     D:3: 967 daAuts
     D:4: 890 daAuts
     D:1: 848 daAuts
     D:5: 793 daAuts
     D:6: 722 daAuts
     D:9: 446 daAuts
     D:7: 323 daAuts
